 Dungeon Crawl Stone Soup version 0.25.0-9-g26727b657a (webtiles) character file.

Game seed: 16825212535681011047

17 Gobbopathe the Firebug (level 2, 0/19 HPs)
             Began as a Demonspawn Fire Elementalist on June 21, 2020.
             Succumbed to an adder's poison
             ... on level 2 of the Dungeon.
             The game lasted 00:03:27 (1248 turns).

Gobbopathe the Firebug (DsFE)                       Turns: 1248, Time: 00:03:28

Health: 0/19       AC:  2    Str:  8    XL:     2   Next: 44%
Magic:  3/5        EV: 12    Int: 16    God:
Gold:   32         SH:  0    Dex: 13    Spells: 4/5 levels left

rFire    x . .     SeeInvis .   f - +0 mace
rCold    + . .     Gourm    .   (no shield)
rNeg     . . .     Faith    .   a - +0 robe
rPois    .         Spirit   .   (helmet restricted)
rElec    .         Reflect  .   (no cloak)
rCorr    .         Harm     .   (no gloves)
MR       .....                  (no boots)
Stlth    ++........             (no amulet)
HPRegen  0.06/turn              h - ring of ice (curse)
MPRegen  0.09/turn              (no ring)

@: lethally poisoned (0 -> -4)
A: horns 1
a: no special abilities


You were on level 2 of the Dungeon.
You were not hungry.

You visited 1 branch of the dungeon, and saw 2 of its levels.

You collected 32 gold pieces.

Inventory:

Hand Weapons
 f - a +0 mace (weapon)
Missiles
 b - 15 sling bullets
 d - 15 arrows
Armour
 a - a +0 robe (worn)
 e - a +0 scale mail
Jewellery
 h - a cursed ring of ice (left hand)
Scrolls
 i - a scroll of identify
Comestibles
 c - a ration
 g - a chunk of flesh


   Skills:
 - Level 1.7 Dodging
 - Level 1.7 Stealth
 + Level 2.2 Spellcasting
 + Level 1.4 Conjurations
 * Level 3.1 Fire Magic


You had 4 spell levels left.
You knew the following spells:

 Your Spells              Type           Power        Failure   Level  Hunger
a - Foxfire               Conj/Fire      #...         8%          1    #......

Your spell library contained the following spells:

 Spells                   Type           Power        Failure   Level  Hunger
 Conjure Flame            Conj/Fire      #.......     24%         3    ###....
 Inner Flame              Hex/Fire       #.......     32%         3    ###....
 Sticky Flame             Conj/Fire      #.......     61%         4    #####..
 Fireball                 Conj/Fire      #.........   91%         5    ######.


Dungeon Overview and Level Annotations

Branches:
Dungeon (2/15)

Altars:


Innate Abilities, Weirdness & Mutations

You have a pair of small horns on your head.


Message History

Huge Dmg: -6%(-1hp) hp: 16%(3hp)
Found a stone staircase leading up.
* * * LOW HITPOINT WARNING * * *
You feel sick.
Huge Dmg: -5%(-1hp) hp: 11%(2hp) Unknown command.
Casting: Foxfire (safe; 8% risk of failure)
Confirm with . or Enter, or press ? or * to list all spells.
You conjure some foxfire!
Your foxfire dissipates!
The foxfire hits the hobgoblin.
The hobgoblin is heavily wounded.
* * * LOW HITPOINT WARNING * * *
You feel sick.
Huge Dmg: -5%(-1hp) hp: 6%(1hp)
You open the large door.
A goblin comes into view. It is wielding a +0 club.
The hobgoblin barely misses you.
There is a large open door here.
You die...

.................†...#
#.......#######.######.
#.##....# #.........
#....######..####.#.
#....##...÷.......#
#....##.###..####.#
#..g.##.# #....#
###''###.# #.##.#
#....@.#.# #.# .#
#.⌠..⌠.#.# #.# #
#......#<# #.#
#......### .# #g⌠..⌠.#
#......# ###++###


You could see a hobgoblin and a goblin (asleep).

Vanquished Creatures
  An adder (D:2)
  A dart slug (D:1)
  A bat (D:1)
  A ball python (D:1)
  2 goblins (D:1)
  3 rats
9 creatures vanquished.

Vanquished Creatures (others)
  17 foxfires
17 creatures vanquished.

Grand Total: 26 creatures vanquished

Notes
Turn   | Place    | Note
-------+----------+-------------------------------------------
     0 | D:1      | Gobbopathe the Demonspawn Fire Elementalist began the quest
                  | for the Orb.
     0 | D:1      | Reached XP level 1. HP: 13/13 MP: 3/3
   949 | D:1      | Reached skill level 3 in Fire Magic
  1179 | D:2      | Gained mutation: You have a pair of small horns on your
                  | head. [demonic ancestry]
  1179 | D:2      | Reached XP level 2. HP: 19/19 MP: 1/5
  1248 | D:2      | Succumbed to an adder's poison

Illustrated notes

Levels and vault maps discovered:
D:1:      lightli_arrival_chessboard, layout_basic, serial_park_tiny_2,
          minmay_misc_feat_square
D:2:      layout_basic, hex_large, kennysheep_generic_room_15

Skill      XL: |  1 |
---------------+----+-----
Fire Magic     | 3 |  3.1
Dodging        | |  1.7
Stealth        | |  1.7
Spellcasting   | |  2.2
Conjurations   | |  1.4

Action                   || total
-------------------------++-------
Melee: Unarmed           ||    12
       Mace              ||    11
 Cast: Foxfire           ||    14
  Use: Scroll            ||     2
 Stab: Sleeping          ||     3
  Eat: Chunk             ||     1
Armor: Robe              ||     7
Dodge: Dodged            ||    19
